 Dungeon Crawl Stone Soup version 0.24-a0-335-g06ca16a (webtiles) character file.

Game seed: 4218043014771698825

596 Borgoz the Chopper (level 7, -13/60 HPs)
             Began as a Hill Orc Gladiator on May 18, 2019.
             Mangled by an orc warrior
             ... wielding a +0 scimitar
              (22 damage)
             ... on level 3 of the Dungeon.
             The game lasted 00:04:57 (2452 turns).

Borgoz the Chopper (Hill Orc Gladiator)             Turns: 2452, Time: 00:04:58

Health: -13/60     AC: 10    Str: 17    XL:     7   Next: 40%
Magic:  7/7        EV: 11    Int:  8    God:
Gold:   93         SH:  0    Dex: 14    Spells: 6/6 levels left

rFire    + + .     SeeInvis .   a - +0 war axe
rCold    x . .     Gourm    .   (no shield)
rNeg     . . .     Faith    .   j - +0 fire dragon scales (curse)
rPois    .         Spirit   .   c - +0 helmet
rElec    .         Reflect  .   (no cloak)
rCorr    .         Harm     .   (no gloves)
MR       .....                  (no boots)
Stlth    ..........             (no amulet)
HPRegen  0.20/turn              (no ring)
MPRegen  0.10/turn              (no ring)

@: no status effects
A: no striking features
a: no special abilities


You were on level 3 of the Dungeon.
You were very hungry.

You visited 1 branch of the dungeon, and saw 4 of its levels.

You collected 93 gold pieces.

Inventory:

Hand Weapons
 a - a +0 war axe (weapon)
Missiles
 d - a throwing net (quivered)
Armour
 c - a +0 helmet (worn)
 e - a +0 ring mail
 j - cursed +0 fire dragon scales (worn)
Scrolls
 g - a scroll of immolation {unknown}
 h - 5 scrolls of identify {unknown}
 k - 3 scrolls of remove curse {unknown}
 l - a scroll of magic mapping {unknown}
 m - a scroll of amnesia {unknown}
 n - 2 scrolls of fear {unknown}
Potions
 b - a potion of invisibility {unknown}
 i - 2 potions of curing {unknown}
 o - 2 potions of heal wounds
 p - 2 potions of lignification {unknown}
 q - a potion of might {unknown}
Comestibles
 f - 5 rations


   Skills:
 + Level 4.6 Fighting
 * Level 7.6 Axes
 - Level 1.7 Throwing
 + Level 3.5 Armour
 + Level 3.7 Dodging


You had 6 spell levels left.
You didn't know any spells.
Your spell library was empty.

Dungeon Overview and Level Annotations

Branches:
Dungeon (4/15)
 Temple: D:4-7

Altars:


Message History

The orc warrior struggles against the net.
You catch the helpless orc warrior completely off-guard!
You hit the orc warrior but do no damage.
The orc warrior is severely wounded.
The orc warrior struggles against the net.
You hit the orc warrior.
The orc warrior is almost dead.
The orc warrior struggles against the net.
You hit the orc warrior.
The orc warrior is almost dead.
The orc warrior struggles against the net.
The net rips apart, and the orc warrior comes free!
You completely miss the orc warrior.
The orc warrior is almost dead.
The orc warrior hits you with a +0 scimitar!
* * * LOW HITPOINT WARNING * * *
You hit the orc warrior.
The orc warrior is almost dead.
The orc warrior hits you with a +0 scimitar!!
You die...

#...........)..# #.#
#####
#.#.#...)....###
#.#####
#.#..(.......##
#.....#
#.#..#........#
#####.#
#.#..#.#.####<###
#.#
#........##.....#
#.#
###..######.....#
######.# ##)#.##
#o....# #...##.#
#.#...# #.@...#
#......# ##...##
#.....# #...####
##.## ####### ##.##
#.# #.# #.# #.#
#.##### #.# #.....#
#.#
#####.############.#
#..............#


You could see an orc warrior.

Vanquished Creatures
  Sigmund (D:2)
  An ice beast (D:2)
  A centaur (D:2)
  An orc priest (D:3)
  A bullfrog skeleton (D:3)
  2 orc wizards (D:3)
  Robin (D:3)
  An adder (D:2)
  An ooze (D:3)
  4 dart slugs
  4 worms
  3 leopard geckos (D:2)
  8 orcs
  2 ball pythons
  5 giant cockroaches
  13 goblins
  12 hobgoblins
  7 jackals
  3 quokkas (D:3)
  3 bats (D:1)
  10 frilled lizards
  11 kobolds
  4 rats
99 creatures vanquished.

Notes
Turn   | Place    | Note
-------+----------+-------------------------------------------
     0 | D:1      | Borgoz the Hill Orc Gladiator began the quest for the Orb.
     0 | D:1      | Reached XP level 1. HP: 18/18 MP: 1/1
   143 | D:1      | Reached XP level 2. HP: 22/25 MP: 2/2
   284 | D:1      | Reached skill level 1 in Armour
   315 | D:1      | Reached XP level 3. HP: 19/30 MP: 3/3
   686 | D:2      | Noticed Sigmund
   702 | D:2      | Noticed a centaur
   706 | D:2      | Killed Sigmund
   706 | D:2      | Reached skill level 6 in Axes
   706 | D:2      | Reached XP level 4. HP: 30/40 MP: 4/4
   706 | D:2      | Reached XP level 5. HP: 35/46 MP: 5/5
   727 | D:2      | Killed a centaur
   727 | D:2      | Reached XP level 6. HP: 26/52 MP: 6/6
  1150 | D:2      | Noticed an ice beast
  1162 | D:2      | Killed an ice beast
  1370 | D:3      | Reached skill level 7 in Axes
  1494 | D:3      | Reached XP level 7. HP: 56/60 MP: 7/7
  1522 | D:3      | Noticed Robin
  1537 | D:3      | Killed Robin
  2452 | D:3      | Mangled by an orc warrior

Levels and vault maps discovered:
D:1:      roderic_dead_forest, layout_loops_ring, minmay_misc_feat_enclosed
D:2:      layout_rooms, first_ration, uniq_sigmund
D:3:      layout_loops_cross, chequers_serial_rivers_large_a, uniq_robin
D:4:      layout_loops_ring, lemuel_coloured_pillars_altar,
          nicolae_overflow_crystal_walls, minmay_temple_entry_arrows,
          serial_bayou_pond_c, minmay_snake_closets

Skill      XL: |  1  2  3  4  5  6 |
---------------+-------------------+-----
Armour         | 1 2 3 |  3.5
Fighting       | 3 4 |  4.6
Axes           | 6 7 |  7.6
Dodging        | 3 |  3.7
Throwing       | |  1.7

Action                   |  1- 3 |  4- 6 |  7- 9 || total
-------------------------+-------+-------+-------++-------
Melee: War axe           |    95 |   119 |    89 ||   303
Throw: Throwing net      |     2 |       |     1 ||     3
 Stab: Held in net/web   |     1 |       |     1 ||     2
  Eat: Chunk             |       |     2 |     2 ||     4
Armor: Ring mail         |    21 |       |       ||    21
       Leather armour    |     1 |       |       ||     1
       Fire dragon scale |    22 |    56 |    43 ||   121
Dodge: Dodged            |    49 |    79 |    35 ||   163

Table legend:
 A = Non-vault XP
 B = Vault XP
 C = Vault XP percentage of total XP
 D = Non-vault monster count
 E = Vault monster count
 F = Vault count percentage of total count
                 A         B        C        D         E       F
            +---------+---------+-------+---------+---------+-------
      Total |     591 |     261 |  30.6 |      87 |      12 |  12.1
            +---------+---------+-------+---------+---------+-------
        D:1 |      41 |       0 |   0.0 |      25 |       0 |   0.0
        D:2 |     312 |     227 |  42.1 |      29 |       1 |   3.3
        D:3 |     228 |      34 |  13.0 |      29 |      11 |  27.5
        D:4 |      10 |       0 |   0.0 |       4 |       0 |   0.0
            +---------+---------+-------+---------+---------+-------
